 Dungeon Crawl Stone Soup version 0.28.0-53-g5a82cb258f (webtiles) character file.

Game seed: 14139120076363817089

4 nicolae the Ruffian (level 1, 5/16 HPs)
             Began as a Draconian Transmuter on July 8, 2022.
             Quit the game on level 1 of the Dungeon.
             The game lasted 00:00:56 (195 turns).

nicolae the Ruffian (Draconian Transmuter)           Turns: 195, Time: 00:00:56

Health: 5/16       AC:  4    Str: 12    XL:     1   Next: 50%
Magic:  3/3        EV: 12    Int: 13    God:
Gold:   14         SH:  0    Dex: 11    Spells: 3/4 levels left

rFire   . . .      SeeInvis .     - Unarmed
rCold   . . .      Faith    .   (no shield)
rNeg    . . .      Spirit   .   (armour unavailable)
rPois   .          Reflect  .   (helmet restricted)
rElec   .          Harm     .   (no cloak)
rCorr   .          Rampage  .   (no gloves)
Will    .....                   (no boots)
Stlth   +.........              (no amulet)
HPRegen 0.05/turn               (no ring)
MPRegen 0.08/turn               (no ring)

@: no status effects
A: AC +4, unfitting armour, cold-blooded
a: no special abilities


You were on level 1 of the Dungeon.
You visited 1 branch of the dungeon, and saw 1 of its levels.

You collected 14 gold pieces.

You aren't carrying anything.


   Skills:
 - Level 1.1 Fighting
 - Level 1.7 Dodging
 - Level 3.0 Unarmed Combat
 - Level 2.0 Spellcasting
 + Level 2.4 Transmutations


You had 3 spell levels left.
You knew the following spells:

 Your Spells              Type           Power      Damage    Failure   Level
a - Beastly Appendage     Tmut           14%        N/A       10%         1

Your spell library contained the following spells:

 Spells                   Type           Power      Damage    Failure   Level
 Wereblood                Tmut           7%         N/A       14%         2
 Spider Form              Tmut/Pois      4%         N/A       43%         3
 Ice Form                 Ice/Tmut       4%         N/A       83%         4


Dungeon Overview and Level Annotations

Branches:
Dungeon (1/15)

Altars:


Innate Abilities, Weirdness & Mutations

Your plain brown scales are hard. (AC +4)
You cannot fit into any form of body armour.
You are cold-blooded and may be slowed by cold attacks.


Message History

The hobgoblin hits you but does no damage.
The frilled lizard bites you but does no damage.
You closely miss the quokka.
You feel yourself speed up. The quokka barely misses you.
The endoplasm barely misses you. The rat bites you.
The hobgoblin hits you but does no damage.
The frilled lizard closely misses you. The quokka closely misses you.
You hit the quokka.
The quokka is moderately wounded.
The endoplasm misses you. The rat bites you. The hobgoblin barely misses you.
The quokka barely misses you. The frilled lizard closely misses you.
You hit the frilled lizard.
The frilled lizard is heavily wounded.
The quokka bites you. The endoplasm hits you. The rat closely misses you.
The hobgoblin hits you but does no damage.
The frilled lizard barely misses you.
You miss the frilled lizard. You tail-slap the frilled lizard.
The frilled lizard is heavily wounded.
The quokka barely misses you. The endoplasm closely misses you.
The rat closely misses you. The hobgoblin closely misses you.
The frilled lizard bites you but does no damage.
The quokka bites you but does no damage.
You closely miss the frilled lizard.
Your tail-slap misses the frilled lizard.
The frilled lizard is heavily wounded.
The endoplasm freezes you.
You are frozen.
The rat closely misses you. The hobgoblin barely misses you.
The frilled lizard bites you.
The quokka bites you but does no damage.
You barely miss the frilled lizard.
The frilled lizard is heavily wounded.
The endoplasm misses you. The rat bites you but does no damage.
The hobgoblin barely misses you. The frilled lizard closely misses you.
The quokka bites you.
You aren't carrying any potions.
A kobold comes into view. It is wielding a +0 short sword.
The quokka completely misses you.
Unknown command.
Are you sure you want to abandon this character and quit the game? (Confirm with "yes".)

##+ #...
#... ...
#.#######
####>......
#...r...#
#...rJ..#
#...@g..#
#....l......
#.......####
#.......#
#.......#
#.......#
#..:....#
#......K#


You could see an endoplasm, a quokka, a hobgoblin, a kobold (asleep), a frilled
lizard and a rat.

Vanquished Creatures
  A goblin (D:1)
  A hobgoblin (D:1)
  A frilled lizard (D:1)
  A rat (D:1)
4 creatures vanquished.

Notes
Turn   | Place    | Note
-------+----------+-------------------------------------------
     0 | D:1      | nicolae the Draconian Transmuter began the quest for the
                  | Orb.
     0 | D:1      | Reached XP level 1. HP: 16/16 MP: 3/3
   195 | D:1      | Quit the game

Illustrated notes

Levels and vault maps discovered:
D:1:      sevenhm_arrival_forest_fort_small_6, layout_basic, roderic_malta_cross

Action                   || total
-------------------------++-------
Melee: Unarmed           ||    22
       Kick              ||     3
       Headbutt          ||     1
       Tailslap          ||     1
 Cast: Beastly Appendage ||     4
Armor: Skin              ||    10
Dodge: Dodged            ||    35
